[Event "Team 45 45 League T46"]
[Site "Internet Chess Club"]
[Date "2010.09.04"]
[Round "5"]
[White "kidviper"]
[Black "civilization"]
[Result "1/2-1/2"]
[WhiteElo "1883"]
[BlackElo "1661"]
[Opening "Grünfeld with e3 & Bd3"]
[ECO "D94"]
[Time "18:15:21"]
[TimeControl "2700+45"]

1. d4 Nf6 2. c4 g6 3. Nc3 d5 4. Nf3 Bg7 5. e3 O-O 6. Bd3 e6 7. O-O Nbd7 8. b3 c5
9. Ba3 b6 10. Rc1 Re8 11. Nb5 Bf8 12. Nd2 a6 13. Nc3 Bb7 14. Bb2 Qc7 15. Ne2 Bg7
16. Nf4 Rac8 17. Nf3 Qb8 18. Re1 Qa8 19. Be2 Red8 20. Rc2 Qb8 21. Nd3 Ne4 22.
Nd2 Nxd2 23. Qxd2 cxd4 24. Bxd4 Bxd4 25. exd4 Qd6 26. Nb2 Nf6 27. Bf3 Ne4 28.
Bxe4 dxe4 29. Rd1 Qc6 30. Qe2 b5 31. Rdd2 e3 32. fxe3 bxc4 33. Nxc4 Qe4 34. Qf2
Kg7 35. Ne5 f6 36. Nf3 Rxc2 37. Rxc2 Rc8 38. Rxc8 Bxc8 39. Qd2 Bb7 40. Kf2 g5
41. Qc1 g4 42. Ne1 h5 43. Qc7+ Kh6 44. Qe7 Qf5+ 45. Ke2 Bc6 46. a4 Bd5 47. Nd3
Bxb3 48. Qf8+ Kg5 49. Qg7+ Kh4 50. Nf4 Qc2+ 51. Ke1 Qc1+ 52. Kf2 Qc2+ 53. Ne2
Qf5+ 54. Kg1 Qb1+ 55. Kf2 Qf5+ 56. Nf4 Qc2+ 57. Ke1 Qc1+ 58. Kf2 Qc2+ {Game
drawn by repetition} 1/2-1/2

[Event "Team 45 45 League T46"]
[Site "Internet Chess Club"]
[Date "2010.09.06"]
[Round "5"]
[White "Theodulf"]
[Black "noblitz-oblige"]
[Result "1-0"]
[WhiteElo "1595"]
[BlackElo "1646"]
[Opening "Ruy Lopez: classical (Cordel) defense"]
[ECO "C64"]
[Time "09:24:25"]
[TimeControl "2700+45"]

1. e4 e5 2. Nf3 Nc6 3. Bb5 Bc5 4. O-O d6 5. c3 Bd7 6. d4 exd4 7. cxd4 Bb6 8. Nc3
h6 9. Re1 Nge7 10. Bf4 O-O 11. Qd2 {Black forfeits on time} 1-0

[Event "Team 45 45 League T46"]
[Site "Internet Chess Club"]
[Date "2010.09.06"]
[Round "5"]
[White "Bible-Believer"]
[Black "jacknor"]
[Result "1-0"]
[WhiteElo "1536"]
[BlackElo "1472"]
[Opening "Sicilian: Alapin's variation (2.c3)"]
[ECO "B22"]
[Time "14:37:20"]
[TimeControl "2700+45"]

1. e4 c5 2. c3 d5 3. exd5 Qxd5 4. Nf3 Bg4 5. Be2 Nc6 6. O-O e5 7. Re1 Be7 8. d4
cxd4 9. cxd4 e4 10. Nc3 Qh5 11. Nxe4 Nf6 12. Nxf6+ Bxf6 13. h3 Be6 14. d5 Bxd5
15. Qxd5 {Black resigns} 1-0

[Event "Team 45 45 League T46"]
[Site "Internet Chess Club"]
[Date "2010.09.05"]
[Round "5"]
[White "Packerfan"]
[Black "redarmy44"]
[Result "0-1"]
[WhiteElo "1644"]
[BlackElo "1411"]
[Opening "Scandinavian: Icelandic gambit"]
[ECO "B01"]
[Time "15:00:24"]
[TimeControl "2700+45"]

1. e4 d5 2. exd5 Nf6 3. c4 e6 4. dxe6 Bxe6 5. Nf3 Nc6 6. d4 Bb4+ 7. Nc3 Ne4 8.
Qc2 Bf5 9. Qb3 Nxd4 10. Nxd4 Qxd4 11. Qxb4 Qxf2+ 12. Kd1 O-O-O+ 13. Nd5 c6 14.
Qe1 Qd4+ 15. Bd2 Nf2+ 16. Kc1 Rhe8 17. Ne3 Nxh1 18. a4 Qe4 19. Be2 Rxd2 20. Qxd2
Qxe3 21. Qxe3 Rxe3 22. Kd2 Rb3 23. Rxh1 Rxb2+ 24. Ke3 Ra2 25. Rf1 Be6 26. Rf4
Rxa4 27. Rh4 h6 28. Bg4 Kd7 29. Be2 Ra5 30. Rd4+ Kc7 31. g3 Re5+ 32. Kd2 Kb6 33.
Rd8 Kc5 34. Ra8 a6 35. Rb8 b6 36. Kd3 Bxc4+ {White resigns} 0-1

[Event "Team 45 45 League T46"]
[Site "Internet Chess Club"]
[Date "2010.09.08"]
[Round "5"]
[White "Juan73"]
[Black "MCJR"]
[Result "1-0"]
[WhiteElo "1669"]
[BlackElo "1424"]
[Opening "Sicilian: accelerated fianchetto, modern variation"]
[ECO "B34"]
[Time "20:03:13"]
[TimeControl "2700+45"]

1. e4 c5 2. Nc3 Nc6 3. Nf3 g6 4. d4 cxd4 5. Nxd4 Nxd4 6. Qxd4 Nf6 7. e5 Nh5 8.
Bc4 e6 9. Ne4 Qb6 10. Qxb6 axb6 11. g4 Ng7 12. Nf6+ Kd8 13. Bg5 Be7 14. a3 h6
15. Be3 Bc5 16. Bxc5 bxc5 17. O-O-O h5 18. Nxd7 Bxd7 19. Bb5 Kc7 20. Rxd7+ Kb6
21. Rxf7 Kxb5 22. Rxb7+ Kc6 23. Rxg7 hxg4 24. Rxg6 Rae8 25. Rxg4 Ref8 26. f4 Rh3
27. Rd1 Rxh2 28. Rd6+ Kc7 29. Rxe6 Rh1+ 30. Kd2 Rd8+ 31. Rd6 Rh2+ 32. Kc3 Rh3+
33. Rd3 Rhxd3+ 34. cxd3 Rd4 35. b4 Rd5 36. Kc4 Kc6 37. Rg6+ {Black resigns} 1-0

[Event "Team 45 45 League T46"]
[Site "Internet Chess Club"]
[Date "2010.09.08"]
[Round "5"]
[White "Ryan9"]
[Black "arriero55"]
[Result "0-1"]
[WhiteElo "1313"]
[BlackElo "1463"]
[Opening "Sicilian: Smith-Morra gambit"]
[ECO "B21"]
[Time "17:03:43"]
[TimeControl "2700+45"]

1. e4 c5 2. d4 cxd4 3. c3 dxc3 4. Nxc3 a6 5. Nf3 e6 6. Bf4 Nc6 7. Bc4 Qb6 8. Qe2
g6 9. Nd5 Bb4+ 10. Kd1 exd5 11. exd5+ Nce7 12. Be5 f6 13. Bd4 Bc5 14. Bxc5 Qxc5
15. Rc1 Qd6 16. Re1 b5 17. Bb3 Bb7 18. Qd3 Kf8 19. Rxe7 Nxe7 20. Ng5 fxg5 21.
Qc3 Rg8 22. Qf3+ Ke8 {White resigns} 0-1

[Event "Team 45 45 League T46"]
[Site "Internet Chess Club"]
[Date "2010.09.07"]
[Round "5"]
[White "froggoathorse"]
[Black "bayoumicardio10"]
[Result "0-1"]
[WhiteElo "1674"]
[BlackElo "1638"]
[Opening "Pirc: classical (two knights) system"]
[ECO "B08"]
[Time "17:00:06"]
[TimeControl "2700+45"]

1. e4 d6 2. d4 Nf6 3. Nc3 g6 4. Nf3 Bg7 5. g3 O-O 6. Bg2 Na6 7. O-O c5 8. e5 Nd7
9. dxc5 dxc5 10. Re1 e6 11. Nb5 Nxe5 12. Qxd8 Nxf3+ 13. Bxf3 Rxd8 14. Bg5 Rd7
15. Rad1 Nb4 16. Nc7 Rb8 17. Bf4 e5 18. Kg2 Rxd1 19. Rxd1 exf4 20. Rd8+ Bf8 21.
Nb5 Bh3+ {White resigns} 0-1

[Event "Team 45 45 League T46"]
[Site "Internet Chess Club"]
[Date "2010.09.05"]
[Round "5"]
[White "sbaker831"]
[Black "PostMike"]
[Result "1-0"]
[WhiteElo "1637"]
[BlackElo "1497"]
[Opening "Catalan opening"]
[ECO "E00"]
[Time "14:32:39"]
[TimeControl "2700+45"]

1. d4 Nf6 2. c4 e6 3. g3 c5 4. d5 exd5 5. cxd5 d6 6. Bg2 Nbd7 7. Nf3 Nb6 8. Nc3
Bf5 9. O-O Ne4 10. Nh4 Nxc3 11. bxc3 Bg4 12. Qc2 Nc4 13. Qa4+ Bd7 14. Qxc4 Be7
15. Nf3 a6 16. e4 Bb5 17. Qb3 Bxf1 18. Bxf1 b5 19. a4 c4 20. Qa2 Rb8 21. axb5
axb5 22. Nd4 Qd7 23. Qa7 Rb7 24. Qa8+ Bd8 25. Nc6 O-O 26. Bh3 Qc7 27. Bf4 Be7
28. Nxe7+ Qxe7 29. Bxd6 Qxd6 30. Qxb7 Rb8 {Black resigns} 1-0

[Event "Team 45 45 League T46"]
[Site "Internet Chess Club"]
[Date "2010.09.07"]
[Round "5"]
[White "clarinetref"]
[Black "OneWay"]
[Result "1/2-1/2"]
[WhiteElo "1657"]
[BlackElo "1649"]
[Opening "Queen's pawn game"]
[ECO "D05"]
[Time "11:14:00"]
[TimeControl "2700+45"]

1. Nf3 d5 2. d4 e6 3. e3 Nf6 4. Bd3 b6 5. Qe2 Nbd7 6. b3 c5 7. Bb2 a6 8. a4 Be7
9. Nbd2 O-O 10. O-O Bb7 11. Ne5 Bd6 12. f4 Ne4 13. c4 cxd4 14. exd4 Nxd2 15.
Qxd2 dxc4 16. Nxc4 Be7 17. Qc2 Nf6 18. Rad1 Rc8 19. Qe2 g6 20. Ne3 Nd5 21. Nxd5
Qxd5 22. Bc4 Qd6 23. Bxa6 Bxa6 24. Qxa6 Rc2 25. Ba1 Rfc8 26. Qd3 Bf6 27. d5 Bxa1
28. Rxa1 R8c3 29. Qe4 exd5 30. Qe8+ Kg7 31. a5 bxa5 32. Rxa5 Qb6+ 33. Kh1 Qxa5
34. Qe5+ Kh6 35. Qg5+ Kg7 36. Qe5+ Kg8 37. Qe8+ Kg7 38. Qe5+ {Game drawn by
repetition} 1/2-1/2

[Event "Team 45 45 League T46"]
[Site "Internet Chess Club"]
[Date "2010.09.04"]
[Round "5"]
[White "quotha"]
[Black "tryanything"]
[Result "1/2-1/2"]
[WhiteElo "1590"]
[BlackElo "1573"]
[Opening "Queen's pawn game, Darooha variation "]
[ECO "D02"]
[Time "04:30:11"]
[TimeControl "2700+45"]

1. d4 d5 2. Nf3 Nf6 3. h3 e6 4. Bf4 Bd6 5. Be5 O-O 6. e3 a6 7. Bd3 Nbd7 8. O-O
Qe7 9. Nbd2 c5 10. c4 b5 11. Bxd6 Qxd6 12. cxd5 exd5 13. dxc5 Nxc5 14. Be2 Rd8
15. Nb3 Be6 16. Nbd4 Rac8 17. Bxb5 axb5 18. Nxb5 Qb6 19. Nfd4 Nce4 20. a4 Nd6
21. a5 Qb8 22. Nxe6 fxe6 23. Nxd6 Rxd6 24. Qa4 Rc4 25. Qa3 Ra6 26. Rfb1 Rb4 27.
Qd3 Qb5 28. Qxb5 Rxb5 29. b4 Ne4 30. f3 Nd2 31. Rd1 Nc4 32. e4 dxe4 33. Rd4 Rxb4
34. Rc1 Rxa5 35. Rcxc4 Rxc4 36. Rxc4 exf3 37. gxf3 Kf7 38. Kg2 h6 39. h4 Kf6 40.
Kg3 g5 41. hxg5+ Rxg5+ 42. Kf4 h5 43. Rc8 Rf5+ 44. Ke4 Kg5 45. Rg8+ Kh4 46. Rg6
Kh3 47. Rxe6 Rf8 48. Rg6 h4 49. f4 Kh2 50. f5 h3 51. f6 Ra8 52. f7 Ra4+ 53. Ke5
Ra5+ 54. Kd4 Rf5 55. Rg7 Kh1 56. Ke4 Rf2 57. Ke5 h2 58. Ke6 Re2+ 59. Kd7 Rf2 60.
Ke8 Re2+ {Game drawn by mutual agreement} 1/2-1/2

[Event "Team 45 45 League T46"]
[Site "Internet Chess Club"]
[Date "2010.09.03"]
[Round "5"]
[White "avila"]
[Black "upsan"]
[Result "0-1"]
[WhiteElo "1679"]
[BlackElo "1919"]
[Opening "French: advance, Paulsen attack"]
[ECO "C02"]
[Time "18:31:24"]
[TimeControl "2700+45"]

1. e4 e6 2. d4 d5 3. e5 c5 4. c3 Nc6 5. Nf3 Qb6 6. a3 Bd7 7. b4 cxd4 8. cxd4 Rc8
9. Be3 Nh6 10. Bd3 Ng4 11. O-O Be7 12. Nbd2 Nxe3 13. fxe3 Nb8 14. Rc1 O-O 15.
Nb3 Ba4 16. Nfd2 Rxc1 17. Qxc1 Bb5 18. Bxb5 Qxb5 19. Nf3 Nc6 20. Qc3 b6 21. Rc1
Rc8 22. Kf2 a5 23. bxa5 Bxa3 24. Rb1 Bb4 25. Qc2 Ne7 26. Qa2 bxa5 27. Rc1 Rxc1
28. Nxc1 h6 29. Qe2 Qxe2+ 30. Kxe2 Nc6 31. Kd1 Kf8 32. Nd2 a4 33. Na2 a3 34.
Nxb4 Nxb4 35. Nb3 Ke7 36. Kd2 Kd7 37. Kc3 Na2+ 38. Kc2 Kc6 39. Nc5 Nb4+ 40. Kb1
Kb5 41. Nb7 Kc4 42. Nd6+ Kd3 43. Nxf7 Kxe3 44. Nd8 Kxd4 45. Nxe6+ Kxe5 46. Nxg7
d4 47. Nh5 d3 48. Kc1 a2 49. Kb2 d2 {White resigns} 0-1

[Event "Team 45 45 League T46"]
[Site "Internet Chess Club"]
[Date "2010.09.03"]
[Round "5"]
[White "vkpanch"]
[Black "Buford-Julep"]
[Result "1/2-1/2"]
[WhiteElo "1672"]
[BlackElo "1727"]
[Opening "French: advance, Paulsen attack"]
[ECO "C02"]
[Time "20:40:09"]
[TimeControl "2700+45"]

1. e4 e6 2. d4 d5 3. e5 c5 4. c3 Nc6 5. Nf3 Nh6 6. a3 f6 7. exf6 Qxf6 8. Bg5 Qf7
9. Bb5 Bd7 10. O-O cxd4 11. cxd4 Bd6 12. Re1 Nf5 13. Nc3 a6 14. Ba4 b5 15. Bc2
O-O 16. Qd3 Qh5 17. h3 Nfe7 18. Bxe7 Nxe7 19. Ne5 Be8 20. Re3 Ng6 21. Bd1 Qf5
22. Qxf5 Rxf5 23. Nxg6 Bxg6 24. Bg4 Rg5 25. Bxe6+ Bf7 26. Rae1 Bxe6 27. Rxe6 Bc7
28. Re7 Bb6 29. R7e5 Rxe5 30. dxe5 d4 31. Nd5 Bc5 32. e6 d3 33. Rd1 Re8 34. e7
Kf7 35. Rxd3 Bxe7 36. Re3 Bd6 37. Rxe8 Kxe8 38. Kf1 Be5 39. b3 Kd7 40. Ke2 Kd6
41. Nb4 a5 42. Nd3 Bf6 43. Ke3 Kd5 44. f4 Bd4+ 45. Kf3 Bf6 46. g4 Kd4 47. Nf2
Kc3 48. Ne4+ Kxb3 49. Nxf6 gxf6 50. g5 fxg5 51. f5 b4 52. axb4 a4 53. f6 a3 54.
f7 a2 55. f8=Q a1=Q 56. Qc5 Qf1+ 57. Kg3 Qf4+ 58. Kg2 Qd2+ 59. Qf2 Qxf2+ 60.
Kxf2 Kxb4 61. Kf3 h6 62. h4 gxh4 63. Kg4 Kc5 64. Kxh4 h5 65. Kxh5 {Game drawn
because neither player has mating material} 1/2-1/2

[Event "Team 45 45 League T46"]
[Site "Internet Chess Club"]
[Date "2010.09.02"]
[Round "5"]
[White "oldsj"]
[Black "soccerisfun"]
[Result "1/2-1/2"]
[WhiteElo "1643"]
[BlackElo "1716"]
[Opening "Ruy Lopez: Schliemann defense"]
[ECO "C63"]
[Time "17:30:05"]
[TimeControl "2700+45"]

1. e4 e5 2. Nf3 Nc6 3. Bb5 f5 4. d4 fxe4 5. Bxc6 dxc6 6. Nxe5 Nf6 7. Bg5 Be7 8.
c3 Qd5 9. O-O O-O 10. Nd2 c5 11. Qb3 Qxb3 12. Nxb3 cxd4 13. Nxd4 c5 14. Nc2 h6
15. Bd2 Rd8 16. Rad1 b5 17. Nc6 Rd7 18. Nxe7+ Rxe7 19. Bf4 Bb7 20. Bd6 Re6 21.
Bxc5 a6 22. Ne3 Rc8 23. Bd4 Nd5 24. Nxd5 Bxd5 25. b3 Bb7 26. Rfe1 Rg6 27. Be3
Rxc3 28. Rd8+ Kh7 29. Red1 Rd3 30. g3 Rxd1+ 31. Rxd1 Rc6 32. Rc1 Rxc1+ 33. Bxc1
g5 34. Kf1 Kg6 35. Ke2 g4 36. b4 h5 {Game drawn by mutual agreement} 1/2-1/2

[Event "Team 45 45 League T46"]
[Site "Internet Chess Club"]
[Date "2010.09.05"]
[Round "5"]
[White "SlimeDog2"]
[Black "Eyechess"]
[Result "1/2-1/2"]
[WhiteElo "2135"]
[BlackElo "1838"]
[Opening "Benkö gambit accepted"]
[ECO "A58"]
[Time "20:12:22"]
[TimeControl "2700+45"]

1. d4 Nf6 2. c4 c5 3. d5 b5 4. cxb5 a6 5. bxa6 g6 6. Nc3 Bxa6 7. g3 Bg7 8. Bg2
d6 9. Nf3 O-O 10. O-O Nbd7 11. Rb1 Qb6 12. b3 Rfb8 13. Bb2 c4 14. Nd4 cxb3 15.
axb3 Ne5 16. Qd2 Bb7 17. Rfc1 Qb4 18. Nc6 Bxc6 19. dxc6 Ra7 20. Qe3 Rc7 21. Nd5
Nxd5 22. Bxd5 e6 23. Bg2 Ng4 24. Qd3 Bxb2 25. Rxb2 d5 26. e4 Ne5 27. Qd2 d4 28.
f4 Rxc6 29. Rxc6 Nxc6 30. e5 Na5 31. Bf1 Qxd2 32. Rxd2 Rb4 33. Bc4 Kg7 {Game
drawn by mutual agreement} 1/2-1/2

[Event "Team 45 45 League T46"]
[Site "Internet Chess Club"]
[Date "2010.09.05"]
[Round "5"]
[White "Goli"]
[Black "AncientTurnip"]
[Result "0-1"]
[WhiteElo "1815"]
[BlackElo "1785"]
[Opening "Scandinavian: Pytel-Wade variation"]
[ECO "B01"]
[Time "06:30:16"]
[TimeControl "2700+45"]

1. e4 d5 2. exd5 Qxd5 3. Nc3 Qd6 4. d4 Nf6 5. h3 c6 6. Nf3 Bf5 7. Bd3 Bxd3 8.
Qxd3 Nbd7 9. O-O e6 10. Bg5 Qc7 11. Ne4 Nxe4 12. Qxe4 Bd6 13. c4 h6 14. Be3 Nf6
15. Qc2 O-O 16. c5 Bf4 17. g3 Bxe3 18. fxe3 Qxg3+ 19. Qg2 Qxg2+ 20. Kxg2 Nd5 21.
Kf2 f6 22. Nd2 Rad8 23. Nc4 Rd7 24. a3 Ne7 25. Nd6 b6 26. b4 bxc5 27. bxc5 Nc8
28. Nxc8 Rxc8 29. Rab1 Re8 30. Rb4 e5 31. Rfb1 Ree7 32. a4 Kf7 33. a5 exd4 34.
Rxd4 Rxd4 35. exd4 Ke6 36. a6 g5 37. Rb7 f5 38. Kg3 Rd7 39. h4 Rxd4 40. hxg5
hxg5 41. Rxa7 Ra4 42. Ra8 Ra3+ 43. Kf2 Ke5 44. a7 Kf4 45. Rc8 Rxa7 46. Rxc6 Ra2+
47. Ke1 g4 48. Rd6 g3 49. Rg6 Kf3 50. c6 g2 51. Kd1 g1=Q+ {White resigns} 0-1

[Event "Team 45 45 League T46"]
[Site "Internet Chess Club"]
[Date "2010.09.04"]
[Round "5"]
[White "musk6868"]
[Black "justice02"]
[Result "1-0"]
[WhiteElo "1828"]
[BlackElo "1747"]
[Opening "Caro-Kann: classical, 6.h4"]
[ECO "B18"]
[Time "09:02:14"]
[TimeControl "2700+45"]

1. e4 c6 2. d4 d5 3. Nc3 dxe4 4. Nxe4 Bf5 5. Ng3 Bg6 6. h4 h6 7. h5 Bh7 8. Nf3
Nf6 9. Bd3 Bxd3 10. Qxd3 e6 11. Bd2 Bd6 12. Ne4 Nxe4 13. Qxe4 Qf6 14. g4 Nd7 15.
O-O-O O-O-O 16. g5 Qe7 17. c4 hxg5 18. Bxg5 Nf6 19. Qh4 Rdg8 20. Rdg1 Qd8 21. h6
Qa5 22. Bxf6 Qxa2 23. Bxg7 Qxc4+ 24. Kd2 Bb4+ 25. Ke3 Qb3+ 26. Kf4 Rh7 27. Be5
Rd8 28. Rg7 Qc2 29. Rxh7 Qxh7 30. Qf6 Rg8 31. Ke3 Rg4 32. Qh8+ Qxh8 33. Bxh8 f5
34. Bg7 c5 35. h7 c4 36. h8=Q+ Kd7 37. Rh4 {Black resigns} 1-0

[Event "Team 45 45 League T46"]
[Site "Internet Chess Club"]
[Date "2010.09.06"]
[Round "5"]
[White "elessar"]
[Black "BotanicalKnight"]
[Result "1/2-1/2"]
[WhiteElo "1706"]
[BlackElo "1596"]
[Opening "Caro-Kann: closed (Breyer) variation"]
[ECO "B10"]
[Time "19:00:48"]
[TimeControl "2700+45"]

1. e4 c6 2. d3 d5 3. Nd2 e5 4. Ngf3 Bd6 5. g3 Nf6 6. Bg2 O-O 7. O-O Qc7 8. Re1
Be6 9. Nf1 dxe4 10. dxe4 Rd8 11. N1d2 h6 12. c3 Nbd7 13. Qc2 Bf8 14. Nb3 a5 15.
h3 a4 16. Nbd2 Nc5 17. Rf1 Nd3 18. Ne1 Nxc1 19. Qxc1 Qd7 20. Nef3 Bxh3 21. Qc2
Bxg2 22. Kxg2 Qd3 23. Qb1 Qxb1 24. Rfxb1 Ng4 25. b4 b5 26. Kf1 Rd3 27. Ke2 Rad8
28. Rc1 c5 29. a3 f6 30. Ra2 g6 31. Ne1 R3d7 32. f3 Nh2 33. Rcc2 h5 34. Kf2 Bh6
35. Ke2 c4 36. Ng2 Rd3 37. Ne1 R3d7 38. Ng2 Rd3 39. Ne1 {Game drawn by mutual
agreement} 1/2-1/2

[Event "Team 45 45 League T46"]
[Site "Internet Chess Club"]
[Date "2010.09.05"]
[Round "5"]
[White "charles-allen"]
[Black "Zumbi"]
[Result "0-1"]
[WhiteElo "1852"]
[BlackElo "2020"]
[Opening "Alekhine's defense: exchange variation"]
[ECO "B03"]
[Time "21:04:22"]
[TimeControl "2700+45"]

1. e4 Nf6 2. e5 Nd5 3. d4 d6 4. c4 Nb6 5. exd6 cxd6 6. Nc3 g6 7. Be3 Bg7 8. Rc1
O-O 9. Nf3 Bg4 10. b3 Bxf3 11. Qxf3 Nc6 12. Qd1 d5 13. c5 e5 14. Nb5 exd4 15.
Nxd4 Nd7 16. Nxc6 bxc6 17. b4 Qh4 18. Qd2 Rfe8 19. Be2 Rxe3 20. Qxe3 Bh6 21. Qc3
Bxc1 22. Qxc1 Qxb4+ 23. Qd2 Qb1+ 24. Bd1 Re8+ 25. Kf1 Nxc5 26. g3 Ne4 27. Qc2
Rb8 28. Kg2 Rb2 29. Qxb1 Rxb1 30. Bc2 Rxh1 31. Kxh1 Nxf2+ 32. Kg2 Ne4 33. Kf3 f5
34. g4 fxg4+ 35. Kxg4 Kf7 36. Bxe4 dxe4 37. Kf4 Ke6 38. Kxe4 g5 39. a4 h5 {White
resigns} 0-1

[Event "Team 45 45 League T46"]
[Site "Internet Chess Club"]
[Date "2010.09.05"]
[Round "5"]
[White "Tobiasdelmonte"]
[Black "Atlantis"]
[Result "0-1"]
[WhiteElo "1888"]
[BlackElo "1880"]
[Opening "Queen's Indian: 4.e3"]
[ECO "E14"]
[Time "14:35:08"]
[TimeControl "2700+45"]

1. d4 Nf6 2. c4 e6 3. Nf3 b6 4. e3 Be7 5. Nc3 d6 6. Be2 O-O 7. O-O c5 8. b3 Bb7
9. Bb2 Ne4 10. Nxe4 Bxe4 11. Nd2 Bb7 12. Bd3 Nd7 13. Qc2 h6 14. Rad1 Qc7 15. f4
e5 16. fxe5 dxe5 17. d5 Bg5 18. Rde1 Rae8 19. Ne4 Be7 20. Rf5 g6 21. d6 Bxd6 22.
Rf2 Be7 23. Ref1 f5 24. Ng3 Bg5 25. Qe2 e4 26. Bb1 Bf6 27. Bxf6 Rxf6 28. h4 Qxg3
29. Rf4 Ref8 30. Qd2 Ne5 31. Qc3 Ng4 32. Re1 Qh2+ 33. Kf1 Qh1+ 34. Ke2 Qxg2+ 35.
Kd1 Rd6+ 36. Kc1 Rfd8 37. h5 Qd2+ 38. Qxd2 Rxd2 39. hxg6 Rf2 40. Rxf2 Nxf2 41.
Rf1 Nd3+ 42. Bxd3 exd3 43. Rxf5 Be4 44. Rf4 d2+ 45. Kd1 Bc2+ {White resigns} 0-1

[Event "Team 45 45 League T46"]
[Site "Internet Chess Club"]
[Date "2010.09.11"]
[Round "5"]
[White "edelgado"]
[Black "Egmont"]
[Result "1-0"]
[WhiteElo "1601"]
[BlackElo "1685"]
[Opening "Sicilian: closed"]
[ECO "B24"]
[Time "12:55:37"]
[TimeControl "2700+45"]

1. e4 c5 2. Nc3 g6 3. g3 Bg7 4. Bg2 Nc6 5. d3 Nf6 6. f4 d6 7. h3 Nd4 8. Nf3
Nxf3+ 9. Qxf3 O-O 10. g4 e5 11. f5 Bd7 12. g5 Nh5 13. f6 Bh8 14. Nd5 h6 15. Ne7+
Kh7 16. h4 Be6 17. Bd2 Qd7 18. Bh3 Bxh3 19. Rxh3 Qa4 20. b3 Qd4 21. Rd1 Qg1+ 22.
Ke2 Qd4 23. c3 Nf4+ 24. Qxf4 Qxd3+ 25. Kxd3 exf4 26. Bxf4 Rfd8 27. Kc2 Rd7 28.
Rxd6 Rad8 29. Rxd7 Rxd7 30. Rd3 {Black resigns} 1-0

[Event "Team 45 45 League T46"]
[Site "Internet Chess Club"]
[Date "2010.09.05"]
[Round "5"]
[White "ElMarginal"]
[Black "BraafPaard"]
[Result "0-1"]
[WhiteElo "1489"]
[BlackElo "1569"]
[Opening "Neo-Indian (Seirawan) attack"]
[ECO "A45"]
[Time "20:00:10"]
[TimeControl "2700+45"]

1. d4 Nf6 2. Bg5 e6 3. c4 h6 4. Bh4 g5 5. Bg3 Bg7 6. Nc3 d5 7. Nf3 O-O 8. Nb5
Na6 9. e3 c6 10. Nc3 Nh5 11. Bd3 Nxg3 12. hxg3 Nb4 13. a3 Nxd3+ 14. Qxd3 f5 15.
c5 Qe8 16. Kd2 b5 17. b4 a5 18. Na2 axb4 19. Nxb4 Bb7 20. Ne5 Bxe5 21. dxe5 Kg7
22. Qd4 Qf7 23. Rh2 Rh8 24. f4 Qg6 25. Rh3 g4 26. Rh4 Ra4 27. Qc3 Rha8 28. Nc2
Rc4 29. Qb3 Qf7 30. Rah1 Rh8 31. Nb4 Rxc5 32. Ra1 Qe7 33. Rhh1 Rc4 34. Nc2 Ra8
35. Ra2 Rca4 36. Rha1 Qd7 37. Nd4 Ba6 38. Rc1 Rc8 39. Rac2 Rc4 40. Rb1 Rxc2+ 41.
Nxc2 c5 42. Qc3 d4 43. exd4 cxd4 44. Qxd4 Rxc2+ 45. Ke3 Re2+ 46. Kd3 Rd2+ 47.
Kc3 Rxd4 {White resigns} 0-1

[Event "Team 45 45 League T46"]
[Site "Internet Chess Club"]
[Date "2010.09.05"]
[Round "5"]
[White "Despair"]
[Black "Karpyan"]
[Result "1/2-1/2"]
[WhiteElo "1985"]
[BlackElo "1872"]
[Opening "Benko's opening"]
[ECO "A00"]
[Time "11:19:27"]
[TimeControl "2700+45"]

1. g3 g6 2. c3 Nf6 3. Bg2 Bg7 4. d4 d5 5. Nf3 c6 6. O-O O-O 7. Bf4 Bf5 8. Nh4
Be4 9. f3 Bxb1 10. Rxb1 Nbd7 11. e4 dxe4 12. fxe4 Qa5 13. a4 Rad8 14. b4 Qb6 15.
a5 Qa6 16. Bf3 b6 17. Be2 Qb7 18. a6 Qc8 19. e5 Nd5 20. Qd2 Nxf4 21. Qxf4 c5 22.
bxc5 bxc5 23. Rb7 e6 24. Rxa7 Qc6 25. Bf3 Qb6 26. Rb7 Qxa6 27. Ng2 Qd3 28. Qe3
Qxe3+ 29. Nxe3 cxd4 30. cxd4 h5 31. Be4 Bh6 32. Nc4 Nb8 33. Rd1 Na6 34. Nd6 Rb8
35. Ra7 Nb4 36. Kh1 Be3 37. Rd7 Na2 38. Rf1 Nc3 39. Bc2 Rb2 40. Nc4 Rxc2 41.
Nxe3 Re2 42. Nc4 Ne4 43. Kg1 Ng5 44. h4 Ne4 45. Nd6 Nxg3 46. Rfxf7 Rxf7 47. Rxf7
Nf5 48. Rd7 Nxd4 49. Ne8 Nf3+ 50. Kf1 Rxe5 51. Nf6+ Kf8 52. Nh7+ Ke8 53. Nf6+
Kf8 54. Nh7+ Ke8 {Game drawn by mutual agreement} 1/2-1/2

[Event "Team 45 45 League T46"]
[Site "Internet Chess Club"]
[Date "2010.09.03"]
[Round "5"]
[White "Duguesclin"]
[Black "tsia68"]
[Result "0-1"]
[WhiteElo "1696"]
[BlackElo "1879"]
[Opening "King's Indian: Four pawns attack"]
[ECO "A68"]
[Time "15:00:52"]
[TimeControl "2700+45"]

1. d4 Nf6 2. c4 g6 3. Nc3 Bg7 4. e4 d6 5. f4 O-O 6. Be2 c5 7. d5 e6 8. Nf3 exd5
9. cxd5 Bg4 10. O-O Nbd7 11. h3 Bxf3 12. Bxf3 Re8 13. Qd3 a6 14. a4 Qc7 15. Be3
Re7 16. e5 Ne8 17. Rad1 c4 18. Qd2 Nc5 19. Be4 dxe5 20. d6 Nxd6 21. Qxd6 Qxd6
22. Rxd6 Nxe4 23. Nxe4 exf4 24. Nf6+ Bxf6 25. Rxf6 fxe3 26. Re1 Rd8 27. Rf3 Rd2
28. Rfxe3 Rxe3 29. Rxe3 Rxb2 30. Rc3 b5 31. axb5 axb5 32. Kf1 Kg7 33. g4 Rb3 34.
Rc1 Rxh3 35. Kg2 Rd3 36. Rb1 Rb3 37. Rc1 Kf6 38. Rf1+ Kg5 39. Rxf7 Kxg4 40. Rxh7
c3 41. Rg7 g5 42. Kf2 c2 43. Rc7 Rb2 44. Ke3 b4 45. Kd2 b3 46. Rc5 Rb1 47. Rc3
Rd1+ 48. Ke2 b2 49. Rxc2 b1=Q 50. Rc4+ Kh5 {White resigns} 0-1

[Event "Team 45 45 League T46"]
[Site "Internet Chess Club"]
[Date "2010.09.12"]
[Round "5"]
[White "room-matt"]
[Black "bondguy01"]
[Result "0-1"]
[WhiteElo "1635"]
[BlackElo "1721"]
[Opening "French: MacCutcheon, Janowski variation"]
[ECO "C12"]
[Time "15:00:24"]
[TimeControl "2700+45"]

1. e4 e6 2. d4 d5 3. Nc3 Nf6 4. Bg5 Bb4 5. e5 h6 6. Be3 Ne4 7. Qg4 Kf8 8. a3
Bxc3+ 9. bxc3 c5 10. dxc5 Qa5 11. Ne2 Nc6 12. f4 Qa4 13. Nd4 Qa5 14. Ne2 Ne7 15.
g3 Nf5 16. Qf3 Nxe3 17. Qxe3 Bd7 18. Bg2 Qxc5 19. Qd4 Qxd4 20. cxd4 f5 21. exf6
Nxf6 22. O-O Bb5 23. Rfe1 Bc4 24. Nc3 Kf7 25. Bh3 Rhe8 26. Re3 h5 27. Rae1 Ng4
28. Bxg4 hxg4 29. Na4 b6 30. Nb2 Rac8 31. Kg2 g6 32. Nd1 Ba6 33. c3 Rc4 34. Nf2
Ra4 35. Ra1 Rc4 36. Nxg4 Kg7 37. h4 Bc8 38. Ne5 Ra4 39. g4 Rf8 40. Kf3 Re8 41.
h5 gxh5 42. gxh5 Kh7 43. Ree1 Rf8 44. Rg1 Rf5 45. Rg5 Rf8 46. Kg4 Ba6 47. Ng6
Rf7 48. Nh4 Bd3 49. Re1 Be4 50. Re5 Rg7+ 51. Kh3 Rxa3 52. Re3 Ra1 53. Rg5 Rh1+
54. Kg4 Rg1+ 55. Rg3 Rxg3+ 56. Kxg3 a5 57. Kg4 a4 58. f5 Rxg5+ 59. Kxg5 exf5
{White resigns} 0-1

[Event "Team 45 45 League T46"]
[Site "Internet Chess Club"]
[Date "2010.09.05"]
[Round "5"]
[White "Portola"]
[Black "Konstantinos"]
[Result "1-0"]
[WhiteElo "1803"]
[BlackElo "1722"]
[Opening "Scotch game"]
[ECO "C45"]
[Time "08:00:24"]
[TimeControl "2700+45"]

1. e4 e5 2. Nf3 Nc6 3. d4 exd4 4. Nxd4 d6 5. Nc3 Be7 6. Be3 Nf6 7. Be2 O-O 8.
O-O Be6 9. f4 Nxd4 10. Bxd4 Bd7 11. f5 Bc6 12. Bd3 Nd7 13. Qg4 Ne5 14. Bxe5 dxe5
15. Rad1 Bg5 16. b4 Qd4+ 17. Kh1 Qxc3 18. Qxg5 f6 19. Qg4 Qxb4 20. Rf3 Bb5 21.
Bxb5 Qxb5 22. Rfd3 Rf7 23. Qh5 Raf8 24. Rh3 h6 25. Qg4 Kh8 26. Rhd3 Qc4 27. a3
Qxc2 28. Qg6 Qe2 29. Rd8 Kg8 30. h3 Qxe4 31. Rxf8+ Kxf8 32. Qh7 Ke7 33. Qg8 Qd4
34. Rxd4 exd4 35. Qc8 d3 36. Qxc7+ Ke8 37. Qc8+ Ke7 38. Qxb7+ Ke8 39. Qe4+ Re7
40. Qxd3 {Black resigns} 1-0